Rangers vs Senators

Created - January 28 2008 at 18:26

Goals
1 2 3 T
Rangers 0 0 1 1
Senators 0 1 4 5
Shots
1 2 3 T
Rangers 11 6 8 25
Senators 9 10 15 34

Period #1

No Goal

Penalties :
Jordan Staal (OTT) for Hooking (Minor) at 6:38, Brad Stuart (NYR) for High sticking (Minor) at 17:19, Lee Stempniak (NYR) for Hooking (Minor) at 19:27

Period #2

1. Senators , Maxim Afinogenov 16 (Brenden Morrow, Kari Lehtonen) at 4:16 (PP)

Penalties :
Jeff Halpern (NYR) for Hooking (Minor) at 0:12, Frederick Meyer Iv (NYR) for Hooking (Minor) at 2:38, Tom Preissing (OTT) for Boarding (Minor) at 6:08, Jay Bouwmeester (OTT) for High sticking (Minor) at 8:30, Darius Kasparaitis (NYR) for Cross-checking (Minor) at 11:12, Anton Volchenkov (OTT) for High sticking (Minor) at 17:00

Period #3

2. Senators , Andy Mcdonald 25 (Matt Carle, Brenden Morrow) at 4:24
3. Rangers , Brad Richards 15 (Tyler Arnason, Dan Cleary) at 8:54
4. Senators , Chris Kunitz 12 (Christoph Schubert, Jordan Staal) at 9:45
5. Senators , Jordan Staal 19 (Chris Kunitz, Christoph Schubert) at 11:31
6. Senators , Maxim Afinogenov 17 (Anton Volchenkov, Christoph Schubert) at 18:30

Penalties :
Ilya Kovalchuk (OTT) for Tripping (Minor) at 1:24, Anton Volchenkov (OTT) for Roughing (Minor) at 5:59, Chris Kunitz (OTT) for Slashing (Minor) at 12:42, Mattias Ohlund (NYR) for Holding (Minor) at 18:57

Goalie Stats

Ray Emery (NYR), 29 saves from 34 shots - (0.853), L, 19-25-5, 60:00 minutes
Kari Lehtonen (OTT), 24 saves from 25 shots - (0.960), W, 24-12-0, 60:00 minutes

Players Stats

Rangers
Player Name              G  A  P  +/- PIM S  H  SB FO MP 
-----------------------------------------------------------
Ales Kotalik             0  0  0   0  0   0  1  0  0  3  
Brad Richards            1  0  1   0  0   4  1  0  8  18 
Brad Stuart              0  0  0   0  2   0  0  0  0  6  
Brett Lebda              0  0  0   1  0   1  1  2  0  24 
Dan Cleary               0  1  1   0  0   1  1  0  1  11 
Darius Kasparaitis       0  0  0   0  2   2  0  1  0  23 
Frederick Meyer Iv       0  0  0  -3  2   0  0  1  0  24 
Jan Bulis                0  0  0  -1  0   1  1  0  2  17 
Jeff Halpern             0  0  0   0  2   3  3  1  28 21 
Joe Pavelski             0  0  0  -3  0   0  0  0  23 24 
Kristopher Letang        0  0  0  -2  0   2  0  1  0  21 
Kyle Wellwood            0  0  0  -2  0   1  1  0  2  23 
Lee Stempniak            0  0  0  -1  2   3  2  1  4  16 
Mattias Ohlund           0  0  0  -1  2   0  1  0  0  20 
Nikolai Zherdev          0  0  0  -1  0   3  0  0  18 22 
Peter Schaefer           0  0  0   0  0   0  0  0  0  1  
Sergei Samsonov          0  0  0  -1  0   2  0  0  2  20 
Tyler Arnason            0  1  1  -1  0   2  1  0  5  14 
Senators
Player Name              G  A  P  +/- PIM S  H  SB FO MP 
-----------------------------------------------------------
Andy Mcdonald            1  0  1   0  0   3  0  0  25 18 
Anton Volchenkov         0  1  1   3  4   0  1  0  0  18 
Brenden Morrow           0  2  2   0  0   3  2  0  3  18 
Chris Kunitz             1  1  2   3  2   5  3  0  0  12 
Christoph Schubert       0  3  3   3  0   0  0  0  0  19 
Ilya Kovalchuk           0  0  0   1  2   4  2  0  5  17 
Jason Pominville         0  0  0  -1  0   1  1  0  0  24 
Jason Spezza             0  0  0   0  0   3  0  0  32 20 
Jay Bouwmeester          0  0  0   0  2   1  3  1  0  24 
Jordan Staal             1  1  2   3  2   4  0  0  21 18 
Marc-Andre Bergeron      0  0  0   0  0   2  0  0  0  19 
Matt Carle               0  1  1   1  0   1  0  0  0  22 
Maxim Afinogenov         2  0  2   3  0   5  0  0  0  17 
Mike Cammalleri          0  0  0   0  0   2  0  0  0  16 
Petr Prucha              0  0  0   0  0   0  0  0  0  5  
R.J. Umberger            0  0  0   0  0   0  0  0  6  5  
Rostislav Olesz          0  0  0   0  0   0  1  0  1  11 
Tom Preissing            0  0  0  -1  2   0  1  4  0  19 

3 Stars

1 - Maxim Afinogenov (OTT)
2 - Chris Kunitz (OTT)
3 - Christoph Schubert (OTT)

Power Play

Rangers - 0 on 7 Attempt(s) - 0.00%
Senators - 1 on 6 Attempt(s) - 16.67%

Penalty Kill

Rangers - 5 on 6 Attempt(s) - 83.33% - Score 0 goal in Penalty Kill
Senators - 7 on 7 Attempt(s) - 100.00% - Score 0 goal in Penalty Kill

Game Notes

No Game Note

Finance

Level 1 -- Attendance: 4726 (78.77%) -- Ticket Income $425,340.00
Level 2 -- Attendance: 3880 (73.90%) -- Ticket Income $182,360.00
Level 3 -- Attendance: 1667 (74.09%) -- Ticket Income $50,010.00
Level 4 -- Attendance: 3596 (89.90%) -- Ticket Income $71,920.00
Luxury Box -- Attendance: 916 (91.60%) -- Ticket Income $155,720.00
Game was played at the Corel Centre
Total Attendance: 14785 (79.92%)
Total Ticket Income: $896,088.90
Other Income: $159,761.10
Total Income: $1,055,850.00


Play by Play

Period #1

0:01 of 1st period - Andy Mcdonald wins face-off versus Joe Pavelski in neutral zone.
0:16 of 1st period - Joe Pavelski is hit by Tom Preissing and loses puck.
0:29 of 1st period - Shot by Sergei Samsonov.
0:29 of 1st period - Stopped by Kari Lehtonen without a rebound.
0:30 of 1st period - Jason Spezza wins face-off versus Lee Stempniak in Senators zone.
0:38 of 1st period - Mike Cammalleri is hit by Jan Bulis and loses puck.
1:30 of 1st period - Shot by Jordan Staal.
1:30 of 1st period - Shot Misses the Net.
1:32 of 1st period - Shot by Anton Volchenkov.
1:32 of 1st period - Shot Misses the Net.
3:06 of 1st period - Shot by Tyler Arnason.
3:06 of 1st period - Stopped by Kari Lehtonen with a rebound.
3:08 of 1st period - Shot by Tyler Arnason.
3:08 of 1st period - Shot Blocked by Tom Preissing.
3:10 of 1st period - Shot by Tyler Arnason.
3:10 of 1st period - Shot Misses the Net.
3:33 of 1st period - Icing by Sergei Samsonov.
3:34 of 1st period - Jason Spezza wins face-off versus Joe Pavelski in Rangers zone.
3:35 of 1st period - Shot by Ilya Kovalchuk.
3:35 of 1st period - Stopped by Ray Emery without a rebound.
3:36 of 1st period - Jason Spezza wins face-off versus Nikolai Zherdev in Rangers zone.
3:39 of 1st period - Shot by Jason Spezza.
3:39 of 1st period - Stopped by Ray Emery without a rebound.
3:40 of 1st period - Jason Spezza wins face-off versus Lee Stempniak in Rangers zone.
3:53 of 1st period - Shot by Jason Spezza.
3:53 of 1st period - Stopped by Ray Emery without a rebound.
3:54 of 1st period - Joe Pavelski wins face-off versus Jordan Staal in Rangers zone.
3:59 of 1st period - Shot by Kyle Wellwood.
3:59 of 1st period - Stopped by Kari Lehtonen without a rebound.
4:00 of 1st period - R.J. Umberger wins face-off versus Jan Bulis in Senators zone.
4:08 of 1st period - Off-side.
4:09 of 1st period - Joe Pavelski wins face-off versus Jordan Staal in neutral zone.
4:12 of 1st period - Shot by Sergei Samsonov.
4:12 of 1st period - Stopped by Kari Lehtonen with a rebound.
4:19 of 1st period - Maxim Afinogenov is hit by Brett Lebda and loses puck.
4:22 of 1st period - Shot by Chris Kunitz.
4:22 of 1st period - Shot Misses the Net.
4:24 of 1st period - Shot by Chris Kunitz.
4:24 of 1st period - Shot Misses the Net.
4:28 of 1st period - Shot by Maxim Afinogenov.
4:28 of 1st period - Deflect By Chris Kunitz.
4:28 of 1st period - Stopped by Ray Emery with a rebound.
4:32 of 1st period - Shot by Chris Kunitz.
4:32 of 1st period - Stopped by Ray Emery without a rebound.
4:33 of 1st period - Jason Spezza wins face-off versus Lee Stempniak in Rangers zone.
4:34 of 1st period - Shot by Mike Cammalleri.
4:34 of 1st period - Stopped by Ray Emery without a rebound.
4:35 of 1st period - Nikolai Zherdev wins face-off versus Ilya Kovalchuk in Rangers zone.
5:32 of 1st period - Icing by Marc-Andre Bergeron.
5:33 of 1st period - Joe Pavelski wins face-off versus Andy Mcdonald in Senators zone.
5:43 of 1st period - Shot by Joe Pavelski.
5:43 of 1st period - Shot Blocked by Tom Preissing.
5:47 of 1st period - Shot by Sergei Samsonov.
5:47 of 1st period - Shot Blocked by Tom Preissing.
5:49 of 1st period - Shot by Sergei Samsonov.
5:49 of 1st period - Shot Blocked by Tom Preissing.
5:53 of 1st period - Shot by Brett Lebda.
5:53 of 1st period - Stopped by Kari Lehtonen without a rebound.
5:54 of 1st period - Jordan Staal wins face-off versus Joe Pavelski in Senators zone.
6:03 of 1st period - Brett Lebda is hit by Chris Kunitz and loses puck.
6:38 of 1st period - Minor Penalty to Jordan Staal for Hooking.
6:39 of 1st period - Jason Spezza wins face-off versus Dan Cleary in Rangers zone.
7:06 of 1st period - Shot by Dan Cleary.
7:06 of 1st period - Stopped by Kari Lehtonen without a rebound.
7:07 of 1st period - Ilya Kovalchuk wins face-off versus Joe Pavelski in Senators zone.
7:40 of 1st period - Icing by Frederick Meyer Iv.
7:41 of 1st period - Ilya Kovalchuk wins face-off versus Joe Pavelski in Rangers zone.
8:50 of 1st period - Shot by Dan Cleary.
8:50 of 1st period - Shot Misses the Net.
8:52 of 1st period - Shot by Sergei Samsonov.
8:52 of 1st period - Shot Misses the Net.
8:54 of 1st period - Shot by Brad Richards.
8:54 of 1st period - Shot Misses the Net.
9:04 of 1st period - Shot by Brad Richards.
9:04 of 1st period - Stopped by Kari Lehtonen without a rebound.
9:05 of 1st period - R.J. Umberger wins face-off versus Jeff Halpern in Senators zone.
9:05 of 1st period - Petr Prucha is hit by Jeff Halpern and loses puck.
9:16 of 1st period - Shot by Jeff Halpern.
9:16 of 1st period - Shot Misses the Net.
9:18 of 1st period - Shot by Jeff Halpern.
9:18 of 1st period - Stopped by Kari Lehtonen without a rebound.
9:19 of 1st period - Jordan Staal wins face-off versus Jeff Halpern in Senators zone.
9:19 of 1st period - Jordan Staal is hit by Lee Stempniak.
9:33 of 1st period - Shot by Maxim Afinogenov.
9:33 of 1st period - Stopped by Ray Emery without a rebound.
9:34 of 1st period - Nikolai Zherdev wins face-off versus Jason Spezza in Rangers zone.
9:57 of 1st period - Shot by Jan Bulis.
9:57 of 1st period - Shot Misses the Net.
10:02 of 1st period - Off-side.
10:03 of 1st period - Joe Pavelski wins face-off versus Brenden Morrow in neutral zone.
10:43 of 1st period - Icing by Marc-Andre Bergeron.
10:44 of 1st period - Nikolai Zherdev wins face-off versus Andy Mcdonald in Senators zone.
13:48 of 1st period - Icing by Kristopher Letang.
13:49 of 1st period - Jeff Halpern wins face-off versus R.J. Umberger in Rangers zone.
14:06 of 1st period - R.J. Umberger is hit by Kyle Wellwood and loses puck.
14:21 of 1st period - Shot by Petr Prucha.
14:21 of 1st period - Deflect By Rostislav Olesz.
14:21 of 1st period - Shot Misses the Net.
14:29 of 1st period - Shot by Brad Richards.
14:29 of 1st period - Deflect By Tyler Arnason.
14:29 of 1st period - Stopped by Kari Lehtonen without a rebound.
14:30 of 1st period - Brad Richards wins face-off versus Jordan Staal in Senators zone.
14:45 of 1st period - Icing by Dan Cleary.
14:46 of 1st period - Brad Richards wins face-off versus Andy Mcdonald in Rangers zone.
15:15 of 1st period - Icing by Tom Preissing.
15:16 of 1st period - Andy Mcdonald wins face-off versus Jeff Halpern in Senators zone.
15:16 of 1st period - Andy Mcdonald is hit by Lee Stempniak.
15:26 of 1st period - Shot by Andy Mcdonald.
15:26 of 1st period - Shot Misses the Net.
15:38 of 1st period - Shot by Jan Bulis.
15:38 of 1st period - Stopped by Kari Lehtonen without a rebound.
15:39 of 1st period - Jordan Staal wins face-off versus Brad Richards in Senators zone.
15:39 of 1st period - Jordan Staal is hit by Ales Kotalik.
16:05 of 1st period - Shot by Maxim Afinogenov.
16:05 of 1st period - Shot Misses the Net.
16:21 of 1st period - Shot by Maxim Afinogenov.
16:21 of 1st period - Shot Blocked by Brett Lebda.
16:44 of 1st period - Icing by Brett Lebda.
16:45 of 1st period - Jason Spezza wins face-off versus Joe Pavelski in Rangers zone.
17:08 of 1st period - Shot by Jay Bouwmeester.
17:08 of 1st period - Shot Misses the Net.
17:10 of 1st period - Shot by Matt Carle.
17:10 of 1st period - Shot Misses the Net.
17:12 of 1st period - Shot by Jason Spezza.
17:12 of 1st period - Shot Misses the Net.
17:19 of 1st period - Minor Penalty to Brad Stuart for High sticking.
17:20 of 1st period - Andy Mcdonald wins face-off versus Jeff Halpern in Rangers zone.
17:39 of 1st period - Shot by Andy Mcdonald.
17:39 of 1st period - Deflect By Jason Pominville.
17:39 of 1st period - Stopped by Ray Emery without a rebound.
17:40 of 1st period - Jason Spezza wins face-off versus Jeff Halpern in Rangers zone.
17:41 of 1st period - Shot by Jay Bouwmeester.
17:41 of 1st period - Stopped by Ray Emery without a rebound.
17:42 of 1st period - Jeff Halpern wins face-off versus Jason Spezza in Rangers zone.
17:48 of 1st period - Icing by Ilya Kovalchuk.
17:49 of 1st period - Jeff Halpern wins face-off versus Jason Spezza in Senators zone.
17:50 of 1st period - Shot by Darius Kasparaitis.
17:50 of 1st period - Stopped by Kari Lehtonen without a rebound.
17:51 of 1st period - Andy Mcdonald wins face-off versus Jeff Halpern in Senators zone.
17:55 of 1st period - Off-side.
17:56 of 1st period - Joe Pavelski wins face-off versus Jason Spezza in neutral zone.
19:08 of 1st period - Shot by Maxim Afinogenov.
19:08 of 1st period - Shot Misses the Net.
19:27 of 1st period - Minor Penalty to Lee Stempniak for Hooking.
19:28 of 1st period - Andy Mcdonald wins face-off versus Joe Pavelski in neutral zone.
19:31 of 1st period - Joe Pavelski is hit by Brenden Morrow and loses puck.

Period #2

0:01 of 2nd period - Joe Pavelski wins face-off versus Jason Spezza in neutral zone.
0:10 of 2nd period - Jason Spezza is hit by Tyler Arnason and loses puck.
0:12 of 2nd period - Minor Penalty to Jeff Halpern for Hooking.
0:13 of 2nd period - Joe Pavelski wins face-off versus Andy Mcdonald in Senators zone.
1:18 of 2nd period - Shot by Ilya Kovalchuk.
1:18 of 2nd period - Deflect By Jason Spezza.
1:18 of 2nd period - Stopped by Ray Emery without a rebound.
1:19 of 2nd period - Kyle Wellwood wins face-off versus Jason Spezza in Rangers zone.
1:19 of 2nd period - Kyle Wellwood is hit by Ilya Kovalchuk.
1:52 of 2nd period - Shot by Ilya Kovalchuk.
1:52 of 2nd period - Stopped by Ray Emery with a rebound.
2:38 of 2nd period - Minor Penalty to Frederick Meyer Iv for Hooking.
2:39 of 2nd period - Andy Mcdonald wins face-off versus Tyler Arnason in Rangers zone.
3:26 of 2nd period - Shot by Matt Carle.
3:26 of 2nd period - Shot Misses the Net.
3:28 of 2nd period - Shot by Ilya Kovalchuk.
3:28 of 2nd period - Shot Misses the Net.
3:30 of 2nd period - Shot by Mike Cammalleri.
3:30 of 2nd period - Stopped by Ray Emery without a rebound.
3:31 of 2nd period - Jason Spezza wins face-off versus Joe Pavelski in Rangers zone.
4:16 of 2nd period - Shot by Maxim Afinogenov.
4:16 of 2nd period - Goal by Maxim Afinogenov - Rangers : 0 - Senators : 1.
4:17 of 2nd period - Jordan Staal wins face-off versus Nikolai Zherdev in neutral zone.
5:21 of 2nd period - Off-side.
5:22 of 2nd period - Andy Mcdonald wins face-off versus Jeff Halpern in neutral zone.
5:22 of 2nd period - Brenden Morrow is hit by Jeff Halpern and loses puck.
5:27 of 2nd period - Shot by Brad Richards.
5:27 of 2nd period - Stopped by Kari Lehtonen without a rebound.
5:28 of 2nd period - Jeff Halpern wins face-off versus Andy Mcdonald in Senators zone.
5:38 of 2nd period - Icing by Jason Pominville.
5:39 of 2nd period - Kyle Wellwood wins face-off versus Andy Mcdonald in Senators zone.
6:08 of 2nd period - Minor Penalty to Tom Preissing for Boarding.
6:09 of 2nd period - Jason Spezza wins face-off versus Jeff Halpern in Senators zone.
6:20 of 2nd period - Shot by Kristopher Letang.
6:20 of 2nd period - Stopped by Kari Lehtonen without a rebound.
6:21 of 2nd period - Jason Spezza wins face-off versus Jeff Halpern in Senators zone.
7:43 of 2nd period - Shot by Brad Richards.
7:43 of 2nd period - Shot Misses the Net.
7:47 of 2nd period - Shot by Brad Richards.
7:47 of 2nd period - Shot Misses the Net.
8:30 of 2nd period - Minor Penalty to Jay Bouwmeester for High sticking.
8:31 of 2nd period - Rostislav Olesz wins face-off versus Tyler Arnason in Senators zone.
8:48 of 2nd period - Shot by Kyle Wellwood.
8:48 of 2nd period - Shot Misses the Net.
8:52 of 2nd period - Shot by Tyler Arnason.
8:52 of 2nd period - Shot Misses the Net.
9:25 of 2nd period - Jeff Halpern is hit by Ilya Kovalchuk and loses puck.
10:02 of 2nd period - Jan Bulis is hit by Rostislav Olesz and loses puck.
10:31 of 2nd period - Off-side.
10:32 of 2nd period - Jason Spezza wins face-off versus Sergei Samsonov in neutral zone.
10:50 of 2nd period - Off-side.
10:51 of 2nd period - Jeff Halpern wins face-off versus Andy Mcdonald in neutral zone.
10:55 of 2nd period - Off-side.
10:56 of 2nd period - Jeff Halpern wins face-off versus Andy Mcdonald in neutral zone.
11:12 of 2nd period - Minor Penalty to Darius Kasparaitis for Cross-checking.
11:13 of 2nd period - Jason Spezza wins face-off versus Jeff Halpern in Rangers zone.
11:46 of 2nd period - Shot by Jason Spezza.
11:46 of 2nd period - Shot Misses the Net.
12:30 of 2nd period - Shot by Andy Mcdonald.
12:30 of 2nd period - Stopped by Ray Emery without a rebound.
12:31 of 2nd period - Nikolai Zherdev wins face-off versus Ilya Kovalchuk in Rangers zone.
12:45 of 2nd period - Shot by Jay Bouwmeester.
12:45 of 2nd period - Shot Misses the Net.
12:49 of 2nd period - Shot by Ilya Kovalchuk.
12:49 of 2nd period - Shot Blocked by Brett Lebda.
13:19 of 2nd period - Shot by Maxim Afinogenov.
13:19 of 2nd period - Stopped by Ray Emery with a rebound.
13:21 of 2nd period - Shot by Anton Volchenkov.
13:21 of 2nd period - Shot Misses the Net.
13:31 of 2nd period - Shot by Jordan Staal.
13:31 of 2nd period - Shot Blocked by Lee Stempniak.
13:35 of 2nd period - Shot by Jordan Staal.
13:35 of 2nd period - Shot Blocked by Frederick Meyer Iv.
13:37 of 2nd period - Shot by Jordan Staal.
13:37 of 2nd period - Shot Blocked by Darius Kasparaitis.
13:39 of 2nd period - Shot by Jordan Staal.
13:39 of 2nd period - Deflect By Chris Kunitz.
13:39 of 2nd period - Stopped by Ray Emery without a rebound.
13:40 of 2nd period - Andy Mcdonald wins face-off versus Jeff Halpern in Rangers zone.
13:41 of 2nd period - Shot by Brenden Morrow.
13:41 of 2nd period - Stopped by Ray Emery without a rebound.
13:42 of 2nd period - Jeff Halpern wins face-off versus Andy Mcdonald in Rangers zone.
14:00 of 2nd period - Brenden Morrow is hit by Jeff Halpern and loses puck.
15:12 of 2nd period - Icing by Mattias Ohlund.
15:13 of 2nd period - Jason Spezza wins face-off versus Nikolai Zherdev in Rangers zone.
15:44 of 2nd period - Shot by Ilya Kovalchuk.
15:44 of 2nd period - Stopped by Ray Emery without a rebound.
15:45 of 2nd period - Brad Richards wins face-off versus Andy Mcdonald in Rangers zone.
16:04 of 2nd period - Tom Preissing is hit by Brad Richards and loses puck.
16:20 of 2nd period - Icing by Sergei Samsonov.
16:21 of 2nd period - Sergei Samsonov wins face-off versus R.J. Umberger in Rangers zone.
16:25 of 2nd period - Kyle Wellwood is hit by Jay Bouwmeester and loses puck.
16:46 of 2nd period - Shot by Matt Carle.
16:46 of 2nd period - Stopped by Ray Emery without a rebound.
16:47 of 2nd period - Nikolai Zherdev wins face-off versus Jordan Staal in Rangers zone.
17:00 of 2nd period - Shot by Lee Stempniak.
17:00 of 2nd period - Stopped by Kari Lehtonen without a rebound.
17:00 of 2nd period - Minor Penalty to Anton Volchenkov for High sticking.
17:01 of 2nd period - Jason Spezza wins face-off versus Jeff Halpern in Senators zone.
17:07 of 2nd period - Icing by Joe Pavelski.
17:08 of 2nd period - Jason Spezza wins face-off versus Jeff Halpern in Rangers zone.
19:13 of 2nd period - Shot by Nikolai Zherdev.
19:13 of 2nd period - Stopped by Kari Lehtonen without a rebound.
19:14 of 2nd period - Brad Richards wins face-off versus Jordan Staal in Senators zone.
19:29 of 2nd period - Shot by Lee Stempniak.
19:29 of 2nd period - Stopped by Kari Lehtonen without a rebound.
19:30 of 2nd period - Nikolai Zherdev wins face-off versus Jason Spezza in Senators zone.
19:33 of 2nd period - Shot by Lee Stempniak.
19:33 of 2nd period - Shot Misses the Net.
19:51 of 2nd period - Shot by Nikolai Zherdev.
19:51 of 2nd period - Stopped by Kari Lehtonen without a rebound.
19:52 of 2nd period - Brad Richards wins face-off versus Brenden Morrow in Senators zone.

Period #3

0:01 of 3rd period - Joe Pavelski wins face-off versus Jordan Staal in neutral zone.
0:14 of 3rd period - Shot by Jordan Staal.
0:14 of 3rd period - Stopped by Ray Emery without a rebound.
0:15 of 3rd period - Joe Pavelski wins face-off versus R.J. Umberger in Rangers zone.
1:01 of 3rd period - Shot by Petr Prucha.
1:01 of 3rd period - Shot Misses the Net.
1:24 of 3rd period - Minor Penalty to Ilya Kovalchuk for Tripping.
1:25 of 3rd period - Jordan Staal wins face-off versus Brad Richards in neutral zone.
2:41 of 3rd period - Shot by Brad Richards.
2:41 of 3rd period - Shot Misses the Net.
4:04 of 3rd period - Joe Pavelski is hit by Brenden Morrow and loses puck.
4:24 of 3rd period - Shot by Andy Mcdonald.
4:24 of 3rd period - Goal by Andy Mcdonald - Rangers : 0 - Senators : 2.
4:25 of 3rd period - Ilya Kovalchuk wins face-off versus Jeff Halpern in neutral zone.
4:48 of 3rd period - Shot by Jeff Halpern.
4:48 of 3rd period - Stopped by Kari Lehtonen without a rebound.
4:49 of 3rd period - Andy Mcdonald wins face-off versus Nikolai Zherdev in Senators zone.
4:59 of 3rd period - Icing by Ales Kotalik.
5:00 of 3rd period - Andy Mcdonald wins face-off versus Nikolai Zherdev in Rangers zone.
5:57 of 3rd period - Shot by Brad Richards.
5:57 of 3rd period - Stopped by Kari Lehtonen without a rebound.
5:58 of 3rd period - Joe Pavelski wins face-off versus Jason Spezza in Senators zone.
5:58 of 3rd period - Brad Richards is hit by Anton Volchenkov and loses puck.
5:59 of 3rd period - Minor Penalty to Anton Volchenkov for Roughing.
6:00 of 3rd period - Jordan Staal wins face-off versus Jeff Halpern in Senators zone.
6:13 of 3rd period - Shot by Kristopher Letang.
6:13 of 3rd period - Shot Misses the Net.
6:15 of 3rd period - Shot by Jeff Halpern.
6:15 of 3rd period - Deflect By Joe Pavelski.
6:15 of 3rd period - Shot Misses the Net.
6:17 of 3rd period - Shot by Kristopher Letang.
6:17 of 3rd period - Stopped by Kari Lehtonen without a rebound.
6:18 of 3rd period - Jeff Halpern wins face-off versus Jason Spezza in Senators zone.
6:20 of 3rd period - Brad Richards is hit by Jay Bouwmeester and loses puck.
6:27 of 3rd period - Shot by Kristopher Letang.
6:27 of 3rd period - Shot Misses the Net.
6:31 of 3rd period - Shot by Jeff Halpern.
6:31 of 3rd period - Stopped by Kari Lehtonen without a rebound.
6:32 of 3rd period - Brad Richards wins face-off versus Jordan Staal in Senators zone.
6:35 of 3rd period - Shot by Nikolai Zherdev.
6:35 of 3rd period - Stopped by Kari Lehtonen without a rebound.
6:36 of 3rd period - Jordan Staal wins face-off versus Joe Pavelski in Senators zone.
6:46 of 3rd period - Nikolai Zherdev is hit by Jason Pominville and loses puck.
7:57 of 3rd period - Shot by Darius Kasparaitis.
7:57 of 3rd period - Stopped by Kari Lehtonen without a rebound.
7:58 of 3rd period - Jason Spezza wins face-off versus Jeff Halpern in Senators zone.
7:58 of 3rd period - Jason Spezza is hit by Dan Cleary.
8:54 of 3rd period - Shot by Brad Richards.
8:54 of 3rd period - Goal by Brad Richards - Rangers : 1 - Senators : 2.
8:55 of 3rd period - Jason Spezza wins face-off versus Nikolai Zherdev in neutral zone.
9:03 of 3rd period - Off-side.
9:04 of 3rd period - Lee Stempniak wins face-off versus Jordan Staal in neutral zone.
9:41 of 3rd period - Shot by Chris Kunitz.
9:41 of 3rd period - Shot Misses the Net.
9:45 of 3rd period - Shot by Chris Kunitz.
9:45 of 3rd period - Goal by Chris Kunitz - Rangers : 1 - Senators : 3.
9:46 of 3rd period - Joe Pavelski wins face-off versus Jason Spezza in neutral zone.
9:53 of 3rd period - Shot by Sergei Samsonov.
9:53 of 3rd period - Shot Misses the Net.
10:26 of 3rd period - Joe Pavelski is hit by Jay Bouwmeester and loses puck.
10:41 of 3rd period - Icing by Jay Bouwmeester.
10:42 of 3rd period - Jason Spezza wins face-off versus Nikolai Zherdev in Senators zone.
11:03 of 3rd period - Shot by Jan Bulis.
11:03 of 3rd period - Shot Misses the Net.
11:13 of 3rd period - Shot by Jordan Staal.
11:13 of 3rd period - Stopped by Ray Emery without a rebound.
11:14 of 3rd period - Brenden Morrow wins face-off versus Tyler Arnason in Rangers zone.
11:15 of 3rd period - Shot by Andy Mcdonald.
11:15 of 3rd period - Shot Misses the Net.
11:17 of 3rd period - Shot by Jason Pominville.
11:17 of 3rd period - Shot Blocked by Kristopher Letang.
11:19 of 3rd period - Shot by Marc-Andre Bergeron.
11:19 of 3rd period - Stopped by Ray Emery with a rebound.
11:21 of 3rd period - Shot by Tom Preissing.
11:21 of 3rd period - Shot Misses the Net.
11:25 of 3rd period - Shot by Andy Mcdonald.
11:25 of 3rd period - Stopped by Ray Emery without a rebound.
11:26 of 3rd period - Jordan Staal wins face-off versus Tyler Arnason in Rangers zone.
11:31 of 3rd period - Shot by Jordan Staal.
11:31 of 3rd period - Goal by Jordan Staal - Rangers : 1 - Senators : 4.
11:32 of 3rd period - Andy Mcdonald wins face-off versus Jeff Halpern in neutral zone.
12:01 of 3rd period - Shot by Marc-Andre Bergeron.
12:01 of 3rd period - Shot Misses the Net.
12:05 of 3rd period - Shot by Brenden Morrow.
12:05 of 3rd period - Deflect By Andy Mcdonald.
12:05 of 3rd period - Shot Blocked by Jeff Halpern.
12:09 of 3rd period - Shot by Andy Mcdonald.
12:09 of 3rd period - Deflect By Brenden Morrow.
12:09 of 3rd period - Stopped by Ray Emery without a rebound.
12:10 of 3rd period - Nikolai Zherdev wins face-off versus Jordan Staal in Rangers zone.
12:12 of 3rd period - Icing by Lee Stempniak.
12:13 of 3rd period - Nikolai Zherdev wins face-off versus Jordan Staal in Rangers zone.
12:13 of 3rd period - Jan Bulis is hit by Chris Kunitz and loses puck.
12:20 of 3rd period - Shot by Jordan Staal.
12:20 of 3rd period - Deflect By Maxim Afinogenov.
12:20 of 3rd period - Stopped by Ray Emery without a rebound.
12:21 of 3rd period - Nikolai Zherdev wins face-off versus Jason Spezza in Rangers zone.
12:38 of 3rd period - Shot by Ilya Kovalchuk.
12:38 of 3rd period - Stopped by Ray Emery without a rebound.
12:39 of 3rd period - Tyler Arnason wins face-off versus Jordan Staal in Rangers zone.
12:39 of 3rd period - Tyler Arnason is hit by Chris Kunitz.
12:42 of 3rd period - Minor Penalty to Chris Kunitz for Slashing.
12:43 of 3rd period - Jordan Staal wins face-off versus Joe Pavelski in neutral zone.
14:12 of 3rd period - Shot by Brett Lebda.
14:12 of 3rd period - Shot Misses the Net.
14:50 of 3rd period - Shot by Brad Richards.
14:50 of 3rd period - Shot Blocked by Jay Bouwmeester.
14:54 of 3rd period - Shot by Lee Stempniak.
14:54 of 3rd period - Stopped by Kari Lehtonen without a rebound.
14:55 of 3rd period - Andy Mcdonald wins face-off versus Jan Bulis in Senators zone.
15:03 of 3rd period - Shot by Brenden Morrow.
15:03 of 3rd period - Stopped by Ray Emery without a rebound.
15:04 of 3rd period - Jason Spezza wins face-off versus Nikolai Zherdev in Rangers zone.
16:12 of 3rd period - Shot by Jordan Staal.
16:12 of 3rd period - Stopped by Ray Emery without a rebound.
16:13 of 3rd period - Joe Pavelski wins face-off versus Andy Mcdonald in Rangers zone.
16:35 of 3rd period - Brenden Morrow is hit by Mattias Ohlund and loses puck.
16:46 of 3rd period - Shot by Marc-Andre Bergeron.
16:46 of 3rd period - Stopped by Ray Emery without a rebound.
16:47 of 3rd period - Jeff Halpern wins face-off versus Jordan Staal in Rangers zone.
16:55 of 3rd period - Icing by Darius Kasparaitis.
16:56 of 3rd period - R.J. Umberger wins face-off versus Jeff Halpern in Rangers zone.
18:20 of 3rd period - Shot by Jordan Staal.
18:20 of 3rd period - Shot Misses the Net.
18:22 of 3rd period - Shot by Chris Kunitz.
18:22 of 3rd period - Stopped by Ray Emery with a rebound.
18:26 of 3rd period - Shot by Maxim Afinogenov.
18:26 of 3rd period - Shot Misses the Net.
18:30 of 3rd period - Shot by Maxim Afinogenov.
18:30 of 3rd period - Goal by Maxim Afinogenov - Rangers : 1 - Senators : 5.
18:31 of 3rd period - Andy Mcdonald wins face-off versus Nikolai Zherdev in neutral zone.
18:57 of 3rd period - Minor Penalty to Mattias Ohlund for Holding.
18:58 of 3rd period - Joe Pavelski wins face-off versus Jason Spezza in Rangers zone.
19:52 of 3rd period - Icing by Brenden Morrow.
19:53 of 3rd period - Andy Mcdonald wins face-off versus Jeff Halpern in Senators zone.


Output by the SimonT Hockey Simulator (STHS) for Stephane Roy -- Original Page W3C XHTML 1.0 Valid